 Dungeon Crawl Stone Soup version 0.31.0-32-g396128a36d (webtiles) character file.

Game seed: 13022740482722656361

325 Eitelfritz the Chopper (level 6, -4/47 (53) HPs)
             Began as a Hill Orc Fighter on Mar 9, 2024.
             Slain by a wight
             ... wielding a +2 mace
              (9 damage)
             ... on level 5 of the Dungeon.
             The game lasted 00:05:43 (3011 turns).

Eitelfritz the Chopper (Hill Orc Fighter)           Turns: 3011, Time: 00:05:44

HP:   -4/47 (53)    AC:  9    Str: 21    XL:     6   Next: 48%
MP:   6/6           EV: 10    Int:  8    God:
Gold: 36            SH:  4    Dex: 10    Spells: 5/5 levels left

rFire   + . .        a - +0 war axe (drain)
rCold   . . .        c - +0 buckler
rNeg    . . .        m - +1 ring mail {rF+}
rPois   .            (no helmet)
rElec   .            o - +0 cloak
rCorr   .            (no gloves)
SInv    .            e - +0 pair of boots
Will    .....        (no amulet)
Stlth   +            (no ring)
HPRegen 0.27/turn    (no ring)
MPRegen 0.10/turn

%: no passive effects
@: heavily drained
A: no striking features
a: no special abilities


You were on level 5 of the Dungeon.
You visited 1 branch of the dungeon, and saw 5 of its levels.

You collected 191 gold pieces.
You spent 155 gold pieces at shops.

Inventory:

Hand Weapons
 a - a +0 war axe of draining (weapon)
 p - a +0 war axe
 w - a +2 flail of draining
Missiles
 h - 9 poisoned darts (quivered)
 l - 4 curare-tipped darts
 v - 4 boomerangs
Armour
 c - a +0 buckler (worn)
 e - a +0 pair of boots (worn)
 m - a +1 ring mail of fire resistance (worn)
 o - a +0 cloak (worn)
Scrolls
 i - a scroll of identify
 j - a scroll of enchant weapon {unknown}
 n - a scroll of enchant armour {unknown}
 q - a scroll of noise {unknown}
 r - 2 scrolls of blinking {unknown}
 s - a scroll of fear {unknown}
 t - 3 scrolls of teleportation {unknown}
Potions
 d - a potion of might
 f - a potion of magic
 k - 7 potions of curing
 u - a potion of resistance


   Skills:
 + Level 4.6 Fighting
 + Level 6.1 Axes
 + Level 4.7 Armour
 + Level 0.8 Dodging
 + Level 0.2 Stealth
 + Level 3.9 Shields


You had 5 spell levels left.
You didn't know any spells.
Your spell library contained the following spells:

 Spells                   Type           Power      Damage    Failure   Level
 Call Canine Familiar     Summ           0%         N/A       94%         3
 Sigil of Binding         Hex            0%         N/A       94%         3
 Dimensional Bullseye     Hex/Tloc       0%         N/A       100%        4


Dungeon Overview and Level Annotations

Branches:
Dungeon (5/15)
 Temple: D:4-7

Altars:
Gozag

Shops:
D:3 ?


Message History

A wight comes into view. It is wielding a +2 mace.
A wight comes into view.
It is wielding a +0 trident of freezing.
A wight comes into view. It is wielding a +0 long sword.
You block the wight's attack. The wight hits you with a +2 mace.
The wight closely misses you.
You hit the wight but do no damage. You closely miss the wight.
The wight closely misses you. x3
You barely miss the wight. You hit the wight but do no damage. x2
The wight hits you with a +0 long sword.
The wight hits you but does no damage.
The wight hits you with a +0 trident of freezing!
You feel drained. The wight freezes you. The wight hits you with a +2 mace.
The wight hits you but does no damage.
You hit the wight.
The wight is moderately damaged.
You closely miss the wight. You hit the wight. You block the wight's attack.
The wight hits you with a +2 mace.
You feel drained. The wight closely misses you.
You hit the wight.
The wight is moderately damaged.
You hit the wight but do no damage. You barely miss the wight.
The wight hits you with a +0 trident of freezing.
You feel drained. The wight freezes you.
The wight hits you but does no damage. x2
You barely miss the wight.
The wight is moderately damaged.
You hit the wight. You hit the wight but do no damage.
The wight hits you with a +0 trident of freezing.
You feel drained. The wight freezes you.
The wight hits you but does no damage. x2
You hit the wight.
The wight is heavily damaged.
You slash the wight! You closely miss the wight.
The wight completely misses you. The wight barely misses you. x3
You block the wight's attack.
The wight hits you with a +0 long sword!
* * * LOW HITPOINT WARNING * * *
You hit the wight.
The wight is severely damaged.
You hit the wight but do no damage. You barely miss the wight.
The wight barely misses you. x2; The wight hits you with a +2 mace!
You die...

###########
#.........##
#..........#
##..........
#........)#
#.....z...##
#.?...@z...#
#.##..z.######
#.####.......##
#.............#
#####........#.#
#........# #
#.###....#.#
#.######.#.####.
.............[>.


You could see 3 wights.

Vanquished Creatures
  An ogre (D:4)
  A scorpion (D:4)
  2 hounds
  4 adders
  2 dart slugs
  5 orcs
  6 bats
  3 endoplasms (D:1)
  4 giant cockroaches
  5 goblins
  10 hobgoblins
  6 jackals
  5 kobolds
  5 quokkas
  6 ball pythons
  3 frilled lizards
  6 rats
74 creatures vanquished.

Notes
Turn   | Place    | Note
-------+----------+-------------------------------------------
     0 | D:1      | Eitelfritz the Hill Orc Fighter began the quest for the
                  | Orb.
     0 | D:1      | Reached XP level 1. HP: 19/19 MP: 1/1
   136 | D:1      | Reached XP level 2. HP: 27/27 MP: 2/2
   138 | D:1      | Reached skill level 3 in Axes
   333 | D:1      | Reached XP level 3. HP: 33/33 MP: 3/3
  1024 | D:2      | Reached XP level 4. HP: 36/40 MP: 4/4
  1602 | D:3      | Found a faded altar of an unknown god.
  1647 | D:3      | Reached skill level 4 in Axes
  1649 | D:3      | Found an opulent altar of Gozag.
  2072 | D:3      | Found Quaruin's Magic Scroll Shoppe.
  2075 | D:3      | Bought a scroll of identify for 20 gold pieces
  2075 | D:3      | Bought a scroll of identify for 20 gold pieces
  2075 | D:3      | Bought a scroll of identify for 20 gold pieces
  2075 | D:3      | Bought a scroll of brand weapon for 95 gold pieces
  2248 | D:4      | Reached XP level 5. HP: 40/47 MP: 5/5
  2383 | D:4      | Noticed an ogre
  2397 | D:4      | Killed an ogre
  2398 | D:4      | Reached skill level 5 in Axes
  2616 | D:4      | Reached XP level 6. HP: 53/53 MP: 6/6
  2727 | D:4      | Reached skill level 6 in Axes
  2957 | D:5      | Entered Level 5 of the Dungeon
  3011 | D:5      | Slain by a wight

Illustrated notes

Levels and vault maps discovered:
D:1:      eino_arrival_water_star, layout_basic, minmay_tromino_i2
D:2:      layout_basic, nicolae_concentric_dashed_squares_wild
D:3:      layout_rooms, grunt_gozag_statues, ebering_ecumenical_altar_box,
          serial_shops, nicolae_shop_rolled_up, skrybe_limestone_x,
          minivault_11, serial_park_tiny_pond, ebering_dispersal_statue_hall
D:4:      kennysheep_six_static_rooms, layout_basic, minivault_14
D:5:      old_forge, layout_basic, nzn_overflow_gifts_of_might_and_magic,
          minmay_temple_entry_hall, lexackson_kobold_supper

Skill      XL: |  1  2  3  4  5  6 |
---------------+-------------------+-----
Axes           | 3 4 5 6 |  6.1
Fighting       | 4 |  4.6
Armour         | 4 |  4.7
Dodging        | |  0.8
Stealth        | |  0.2
Shields        | |  3.9

Action                     |  1- 3 |  4- 6 || total
---------------------------+-------+-------++-------
  Melee: War axe           |    84 |   121 ||   205
  Throw: Dart              |       |     1 ||     1
    Use: Scroll            |       |     4 ||     4
 Armour: Scale mail        |    77 |    44 ||   121
         Ring mail         |       |    49 ||    49
  Dodge: Dodged            |    48 |    78 ||   126
  Block: Buckler           |    19 |    34 ||    53
